 Dungeon Crawl Stone Soup version 0.30-a0-782-ge64f9170bb (webtiles) character file.

Game seed: 11921433457066537864

2470 porpoise the Sneak (level 9, -3/58 (66) HPs)
             Began as a Gnoll Enchanter on Feb 19, 2023.
             Was a Follower of Dithmenos.
             Slain by a wight
             ... wielding a +3 mace
              (10 damage)
             ... on level 7 of the Dungeon.
             The game lasted 00:28:39 (7138 turns).

porpoise the Sneak (Gnoll Enchanter)                Turns: 7138, Time: 00:28:40

HP:   -3/58 (66)    AC:  5    Str:  7    XL:     9   Next: 51%
MP:   7/19          EV: 14    Int: 18    God:    Dithmenos [*.....]
Gold: 342           SH:  5    Dex: 14    Spells: 7/21 levels left

rFire   . . .      SeeInvis .    b - +2 dagger (holy)
rCold   + . .      Faith    .    H - +0 buckler
rNeg    . . .      Spirit   .    n - +2 robe {Will+}
rPois   +          Reflect  .    (no helmet)
rElec   .          Harm     .    t - +0 cloak {rCorr}
rCorr   +          Rampage  .    (no gloves)
Will    +....                    (no boots)
Stlth   ++++                     g - amulet of the acrobat
HPRegen 0.29/turn                G - ring of poison resistance
MPRegen 0.16/turn                B - ring of protection from cold

@: confusing by touch, wreathed by umbra, heavily drained
A: fangs 1, strong nose, distributed training
a: Renounce Religion


You were on level 7 of the Dungeon.
You worshipped Dithmenos.
Dithmenos was aware of your devotion.
You visited 2 branches of the dungeon, and saw 8 of its levels.
You also visited: Bailey.

You collected 342 gold pieces.

Inventory:

Hand Weapons
 a - a +5 dagger
 b - a +2 dagger of holy wrath (weapon)
 m - a +1 dagger
 D - a +0 triple sword
Missiles
 k - 14 poisoned darts (quivered)
Armour
 n - a +2 robe of willpower (worn)
 t - a +0 cloak of preservation (worn)
 F - the +1 leather armour "Ruacint" {Slay+3}
   (You found it on level 5 of the Dungeon)

   Slay:      It affects your accuracy & damage with ranged weapons and melee
   (+3).
 H - a +0 buckler (worn)
Jewellery
 g - an amulet of the acrobat (around neck)
 p - a +6 ring of strength
 B - a ring of protection from cold (right hand)
 G - a ring of poison resistance (left hand)
Wands
 f - a wand of light (6)
 o - a wand of iceblast (11)
Scrolls
 d - a scroll of enchant armour {unknown}
 i - a scroll of acquirement {unknown}
 l - a scroll of immolation {unknown}
 q - 3 scrolls of vulnerability
 r - 2 scrolls of poison
 s - a scroll of brand weapon {unknown}
 v - a scroll of fog {unknown}
 y - a scroll of fear {unknown}
 A - 2 scrolls of noise {unknown}
 C - a scroll of blinking {unknown}
 I - a scroll of amnesia {unknown}
Potions
 c - 3 potions of invisibility
 e - 3 potions of flight
 h - 3 potions of lignification
 j - 3 potions of might
 u - 3 potions of attraction
 w - 4 potions of curing
 x - 2 potions of haste {unknown}
 z - a potion of mutation {unknown}
 E - a potion of brilliance


   Skills:
 + Level 4.5 Fighting
 + Level 5.2 Short Blades
 + Level 4.5 Long Blades
 + Level 4.5 Axes
 + Level 4.5 Maces & Flails
 + Level 4.5 Polearms
 + Level 4.5 Staves
 + Level 4.5 Ranged Weapons
 + Level 4.5 Throwing
 + Level 4.5 Armour
 + Level 6.5 Dodging
 + Level 7.5 Stealth
 + Level 4.5 Shields
 + Level 4.5 Unarmed Combat
 + Level 6.8 Spellcasting
 + Level 3.7 Conjurations
 + Level 6.6 Hexes
 + Level 3.7 Summonings
 + Level 3.7 Necromancy
 + Level 3.7 Translocations
 + Level 3.7 Transmutations
 + Level 3.7 Fire Magic
 + Level 3.7 Ice Magic
 + Level 3.7 Air Magic
 + Level 3.7 Earth Magic
 + Level 3.7 Poison Magic
 + Level 4.9 Invocations
 + Level 4.5 Evocations


You had 7 spell levels left.
You knew the following spells:

 Your Spells              Type           Power      Damage    Failure   Level
a - Confusing Touch       Hex            30%        N/A       2%          3
d - Dazzling Flash        Conj/Hex       48%        N/A       4%          3
e - Ensorcelled Hibernat  Hex/Ice        48%        N/A       2%          2
m - Mephitic Cloud        Conj/Pois/Air  19%        N/A       10%         3
t - Tukima's Dance        Hex            30%        N/A       2%          3

Your spell library contained the following spells:

 Spells                   Type           Power      Damage    Failure   Level
 Magic Dart               Conj           76%        1d6       3%          1
 Call Imp                 Summ           19%        N/A       4%          2
 Sublimation of Blood     Necr           19%        N/A       4%          2
 Wereblood                Tmut           19%        N/A       4%          2
 Summon Guardian Golem    Hex/Summ       24%        N/A       4%          3
 Orb of Destruction       Conj           9%         9d6       100%        7
 Spellforged Servitor     Conj/Summ      9%         N/A       100%        7
 Summon Hydra             Summ           9%         N/A       100%        7


Dungeon Overview and Level Annotations

Branches:
Dungeon (7/15)             Temple (1/1) D:7          Bailey (visited)

Altars:
Cheibriados
Dithmenos
Elyvilon
Fedhas
Gozag
Hepliaklqana
Kikubaaqudgha
Makhleb
Nemelex Xobeh
Okawaru
Qazlal
Ru
Sif Muna
Trog
Uskayaw
Vehumet
Wu Jian
Xom
Yredelemnul
Zin
The Shining One

Shops:
D:2 (

Annotations:
D:7 3 runed translucent doors, asti's ghost, novice MiFi


Innate Abilities, Weirdness & Mutations

You have very sharp teeth.
Your uncanny sense of smell can sniff out nearby items.
Your experience applies equally to all skills.


Message History

The wight hits you with a +7 short sword!
You hit the wight but do no damage. The wight closely misses you.
The wight hits you with a +7 short sword!
You feel drained. The wight hits you with a +3 mace.
You feel drained.
You are too injured to fight recklessly!
You hit the wight but do no damage.
The wight appears confused.
You bite the wight, but do no damage. You hit the wight but do no damage.
The wight barely misses you.
Casting: Confusing Touch (dangerous; 2% risk of failure)
Confirm with . or Enter, or press ? or * to list all spells.
Your hands begin to glow red.
The wight barely misses you. The wight hits you with a +3 mace!
* * * LOW HITPOINT WARNING * * *
You hit the wight but do no damage.
The wight appears confused.
The wight misses you.
Casting: Confusing Touch (dangerous; 2% risk of failure)
Confirm with . or Enter, or press ? or * to list all spells.
Your hands begin to glow red.
The wight hits you from afar with a +5 halberd!
* * * LOW HITPOINT WARNING * * *
You block the wight's attack.
An iguana comes into view.
The wight completely misses you.
You barely miss the wight. The wight misses you.
You hit the wight but do no damage.
The wight appears confused.
You hit the wight but do no damage.
The iguana hisses angrily.
You hit the wight but do no damage. Your bite misses the wight.
The wight completely misses you.
You barely miss the wight. You bite the wight, but do no damage.
The wight hits the wight with a +5 halberd!
You hit the wight but do no damage. You barely miss the wight.
The wight seems less confused.
The wight hits itself with a +7 short sword.
Casting: Confusing Touch (dangerous; 2% risk of failure)
Confirm with . or Enter, or press ? or * to list all spells.
Your hands begin to glow red.
The wight closely misses you.
You closely miss the wight. You block the iguana's attack.
The wight hits you with a +3 mace!
You die...

*,,,,,,,,,*##########....####.
*,,,,>,,,,,.........+.........
***************#.#.........###
#########...###.###....
#...........# #.# #.###
#.........#.###'###..##
#.........#.###_+......
#....)z.....###'###.##.
#....l@...#.# #.# #.##.
#.....z...#.###.###..†.
#.........#.........###
#.........#.#..+#.....#
#.....z..$#,##........#
#.........#,*#........#
#......####,*#........#
#####.## *,*#......... *,*
*,*#.......##


You could see an iguana and 3 wights.

Vanquished Creatures
  Sigmund (D:5)
  A black bear (D:5)
  A water moccasin (D:4)
  2 ice beasts
  An ogre (D:5)
  2 phantoms
  2 bullfrogs (D:7)
  5 scorpions
  6 wights
  3 killer bees (D:7)
  A howler monkey (D:6)
  An electric eel (D:6)
  An orc priest (D:7)
  A gnoll bouda (D:5)
  A jelly (D:6)
  Crazy Yiuf (D:2)
  11 hounds
  2 iguanas
  Jessica (D:2)
  8 gnolls
  7 adders
  A worm (D:4)
  3 dart slugs
  15 orcs
  6 ball pythons
  7 endoplasms
  A giant cockroach (D:4)
  4 goblins
  12 hobgoblins
  4 jackals (D:1)
  2 kobolds
  3 quokkas
  10 bats
  2 frilled lizards
  3 rats
132 creatures vanquished.

Vanquished Creatures (others)
  3 fungi (D:4)
3 creatures vanquished.

Grand Total: 135 creatures vanquished

Notes
Turn   | Place    | Note
-------+----------+-------------------------------------------
     0 | D:1      | porpoise the Gnoll Enchanter began the quest for the Orb.
     0 | D:1      | Reached XP level 1. HP: 13/13 MP: 6/6
   187 | D:1      | Reached XP level 2. HP: 7/19 MP: 7/7
   242 | D:1      | Learned a level 2 spell: Ensorcelled Hibernation
   719 | D:1      | Reached skill level 5 in Spellcasting
   719 | D:1      | Reached XP level 3. HP: 24/25 MP: 5/9
   727 | D:1      | Learned a level 3 spell: Confusing Touch
   731 | D:1      | Learned a level 3 spell: Tukima's Dance
   872 | D:1      | Reached skill level 6 in Stealth
  1131 | D:2      | Reached skill level 1 in Invocations
  1176 | D:2      | Noticed Jessica
  1181 | D:2      | Killed Jessica
  1182 | D:2      | Reached skill level 1 in Fighting
  1182 | D:2      | Reached skill level 1 in Long Blades
  1182 | D:2      | Reached skill level 1 in Axes
  1182 | D:2      | Reached skill level 1 in Maces & Flails
  1182 | D:2      | Reached skill level 1 in Polearms
  1182 | D:2      | Reached skill level 1 in Staves
  1182 | D:2      | Reached skill level 1 in Ranged Weapons
  1182 | D:2      | Reached skill level 1 in Throwing
  1182 | D:2      | Reached skill level 1 in Armour
  1182 | D:2      | Reached skill level 1 in Shields
  1182 | D:2      | Reached skill level 1 in Unarmed Combat
  1182 | D:2      | Reached skill level 1 in Evocations
  1182 | D:2      | Reached XP level 4. HP: 32/32 MP: 11/11
  1554 | D:2      | Found Naugozeki's Antique Weapon Shoppe.
  1601 | D:2      | Found a runed translucent door.
  1602 | D:2      | Noticed Crazy Yiuf
  1609 | D:2      | Killed Crazy Yiuf
  1610 | D:2      | Reached skill level 1 in Conjurations
  1610 | D:2      | Reached skill level 1 in Summonings
  1610 | D:2      | Reached skill level 1 in Necromancy
  1610 | D:2      | Reached skill level 1 in Translocations
  1610 | D:2      | Reached skill level 1 in Transmutations
  1610 | D:2      | Reached skill level 1 in Fire Magic
  1610 | D:2      | Reached skill level 1 in Ice Magic
  1610 | D:2      | Reached skill level 1 in Air Magic
  1610 | D:2      | Reached skill level 1 in Earth Magic
  1610 | D:2      | Reached skill level 1 in Poison Magic
  1675 | D:2      | Found a burning altar of Makhleb.
  1901 | D:3      | Reached XP level 5. HP: 37/37 MP: 12/12
  2104 | D:3      | Found a blossoming altar of Fedhas.
  2385 | D:4      | Noticed a water moccasin
  2392 | D:4      | Killed a water moccasin
  2393 | D:4      | Reached skill level 5 in Dodging
  2393 | D:4      | Reached XP level 6. HP: 44/44 MP: 14/14
  3628 | D:5      | Entered Level 5 of the Dungeon
  3705 | D:5      | Reached XP level 7. HP: 42/51 MP: 8/15
  3914 | D:4      | HP: 2/51 [poisoned by a scorpion]
  4156 | D:5      | Noticed Sigmund
  4365 | D:5      | You fall into a shaft and drop 2 floors!
  4382 | D:7      | Found a staircase to the Ecumenical Temple.
  4396 | Temple   | Entered the Ecumenical Temple
  4571 | Temple   | Became a worshipper of Dithmenos the Shadowed
  4618 | D:7      | Found a flagged portal.
  4714 | Bailey   | Entered a bailey
  4881 | D:5      | Killed Sigmund
  4882 | D:5      | Reached XP level 8. HP: 48/58 MP: 14/16
  4899 | D:5      | Learned a level 3 spell: Mephitic Cloud
  5393 | D:5      | Identified the +1 leather armour "Ruacint" {Slay+3}
  5705 | D:6      | Found a shimmering blue altar of Sif Muna.
  5705 | D:6      | Found an iron altar of Okawaru.
  5714 | D:6      | Reached skill level 7 in Stealth
  6132 | D:6      | Reached XP level 9. HP: 65/65 MP: 18/18
  6636 | D:6      | Learned a level 3 spell: Dazzling Flash
  6691 | D:7      | Noticed asti's ghost (novice MiFi)
  6697 | D:7      | Reached * piety under Dithmenos
  6698 | D:7      | Reached skill level 5 in Short Blades
  6893 | D:7      | Found a runed translucent gate.
  6894 | D:7      | Found a runed translucent gate.
  6895 | D:7      | Found a runed translucent gate.
  7097 | D:7      | Found a radiant altar of Vehumet.
  7138 | D:7      | Slain by a wight

Illustrated notes

Levels and vault maps discovered:
D:1:      eino_arrival_cavern_b, layout_loops_corners
D:2:      layout_basic, basic_altar, shapermc_ecumenical_altar_petra,
          serial_shops, nicolae_square_shop, serial_corexii_hall,
          corexii_hall_statues_l, chequers_hall_statues_corner_a,
          nrook_campfire, minmay_3d_cube, uniq_jessica, uniq_crazy_yiuf_cottage
D:3:      layout_rooms, fedhas_altar_4, minivault_14
D:4:      layout_gridville, dreamdust_gnoll_farm
D:5:      layout_loops_cross, palyth_stone_intersect, minmay_misc_feat_cross,
          st_stairs_12, nicolae_elevator_lobby_asterisk, uniq_sigmund
D:6:      layout_rooms, nicolae_overflow_two_pavilions,
          kennysheep_generic_room_7
D:7:      layout_basic, lemuel_doored_altar, minmay_temple_entry_stoned_glass,
          enter_bailey_4, gammafunk_ghost_split, minmay_manual_mares
Temple:   minmay_crystal_spiral_temple

Skill      XL: |  1  2  3  4  5  6  7  8  9 |
---------------+----------------------------+-----
Spellcasting   | 5 6 |  6.8
Stealth        | 6 7 |  7.5
Invocations    | 1 2 3 4 |  4.9
Fighting       | 1 2 3 4 |  4.5
Long Blades    | 1 2 3 4 |  4.5
Axes           | 1 2 3 4 |  4.5
Maces & Flails | 1 2 3 4 |  4.5
Polearms       | 1 2 3 4 |  4.5
Staves         | 1 2 3 4 |  4.5
Ranged Weapons | 1 2 3 4 |  4.5
Throwing       | 1 2 3 4 |  4.5
Armour         | 1 2 3 4 |  4.5
Shields        | 1 2 3 4 |  4.5
Unarmed Combat | 1 2 3 4 |  4.5
Evocations     | 1 2 3 4 |  4.5
Conjurations   | 1 2 3 |  3.7
Summonings     | 1 2 3 |  3.7
Necromancy     | 1 2 3 |  3.7
Translocations | 1 2 3 |  3.7
Transmutations | 1 2 3 |  3.7
Fire Magic     | 1 2 3 |  3.7
Ice Magic      | 1 2 3 |  3.7
Air Magic      | 1 2 3 |  3.7
Earth Magic    | 1 2 3 |  3.7
Poison Magic   | 1 2 3 |  3.7
Short Blades   | 3 4 5 |  5.2
Dodging        | 5 6 |  6.5
Hexes          | 6 |  6.6

Action                     |  1- 3 |  4- 6 |  7- 9 || total
---------------------------+-------+-------+-------++-------
  Melee: Dagger            |    54 |    70 |   163 ||   287
         Bite              |     1 |     4 |    16 ||    21
         Punch             |       |       |     4 ||     4
  Throw: Dart              |       |       |     3 ||     3
   Cast: Ensorcelled Hiber |    12 |    49 |    42 ||   103
         Confusing Touch   |       |     2 |    17 ||    19
  Evoke: Wand              |       |       |     3 ||     3
    Use: Scroll            |       |     8 |     4 ||    12
         Potion            |       |       |     4 ||     4
   Stab: Sleeping          |    19 |    39 |    39 ||    97
         Distracted        |       |     1 |       ||     1
         Confused          |       |     2 |     6 ||     8
         Invisible         |       |       |     1 ||     1
 Armour: Robe              |    11 |     9 |    21 ||    41
  Dodge: Dodged            |    36 |    45 |   120 ||   201
  Block: Buckler           |       |       |     3 ||     3

Table legend: (Time is in decaauts)
 A = Elapsed time spent in this place.
 B = Non-inter-level travel time spent in this place.
 C = Inter-level travel time spent in this place.
 D = Time resting spent in this place.
 E = Time spent auto-exploring this place.
 F = Levels seen in this place.
 G = Mean time per level.
                   A        B        C        D        E       F      G
               +--------+--------+--------+--------+--------+-----+--------+
         Total |   7085 |   6805 |    280 |   1841 |   3524 |   9 |  787.2 |
       Dungeon |   6855 |   6660 |    195 |   1841 |   3413 |   7 |  979.3 |
        Temple |    212 |    127 |     85 |      0 |    111 |   1 |  212.0 |
        Bailey |     17 |     17 |      0 |      0 |      0 |   1 |   17.0 |
               +--------+--------+--------+--------+--------+-----+--------+

Top non-repeatable levels by time:
     D:4: 1691 daAuts
     D:6: 1111 daAuts
     D:1: 1079 daAuts
     D:5: 1018 daAuts
     D:7: 718 daAuts
     D:2: 687 daAuts
     D:3: 549 daAuts
  Temple: 212 daAuts
  Bailey: 17 daAuts
